 Dungeon Crawl Stone Soup version 0.18-a0-49-gd105b5a (webtiles) character file.

30 Duffy the Ruffian (level 3, -5/26 HPs)
             Began as a Formicid Transmuter on Nov 8, 2015.
             Slain by Sigmund
             ... wielding a +3 scythe of protection
              (12 damage)
             ... on level 2 of the Dungeon.
             The game lasted 00:01:54 (1411 turns).

Duffy the Ruffian (Formicid Transmuter)             Turns: 1411, Time: 00:01:54

Health: -5/26      AC:  2    Str: 14    XL:     3   Next: 37%
Magic:  3/6        EV: 19    Int: 12    God:
Gold:   50         SH:  0    Dex: 17    Spells: 3 memorised, 1 level left

rFire  . . .     SeeInvis .       - Unarmed
rCold  . . .     Clarity  .     (armour currently unavailable)
rNeg   . . .     SustAt   .     (shield currently unavailable)
rPois  x         Gourm    +     (helmet unavailable)
rElec  .         Spirit   .     (cloak currently unavailable)
rCorr  .         Warding  .     (gloves currently unavailable)
rMut   .         Stasis   +     (boots currently unavailable)
MR     .....                    l - amulet of the gourmand
Stlth  ++........               (no ring)
                                (no ring)

@: spider-form (expiring), not resistant to hostile enchantments, unstealthy
A: permanent stasis, dig shafts and tunnels, four strong arms, (antennae 0)
a: Dig, Shaft Self, End Transformation


You were on level 2 of the Dungeon.
You were full.
You were a venomous arachnid creature.
You visited 1 branch of the dungeon, and saw 2 of its levels.

You collected 50 gold pieces.


Innate Abilities, Weirdness & Mutations

You are under a permanent stasis effect.
You can dig through walls and to a lower floor.
Your four strong arms can wield two-handed weapons with a shield.
((You have a pair of large antennae on your head (SInv).))


   Skills:
 - Level 1.2 Fighting
 - Level 1.8 Dodging
 + Level 3.5 Unarmed Combat
 - Level 2.5 Spellcasting
 - Level 2.5 Transmutations
 - Level 1.1 Poison Magic


You had one spell level left.
You knew the following spells:

 Your Spells              Type           Power        Failure   Level  Hunger
a - Spider Form           Trmt/Pois      #.........   56%         3    ###....
b - Beastly Appendage     Trmt           #.....       28%         1    #......
s - Sticks to Snakes      Trmt           #.........   32%         2    ###....

Inventory:

Missiles
 a - 12 arrows
 s - 13 stones (quivered)
Armour
 b - a +0 robe (melded)
 q - a cursed +0 robe
 r - a +0 ring mail of fire resistance
Jewellery
 l - an amulet of the gourmand (around neck)
Scrolls
 e - a scroll of enchant weapon {unknown}
 f - a scroll of teleportation {unknown}
 g - a scroll of magic mapping {unknown}
 i - a scroll of blinking {unknown}
 j - a scroll of immolation {unknown}
 o - a scroll of remove curse {unknown}
 p - a scroll of identify {unknown}
Potions
 k - 2 potions of haste {unknown}
 m - a potion of cancellation {unknown}
Books
 c - a book of Changes
Comestibles
 d - a bread ration
 h - a slice of pizza
 n - a meat ration

Dungeon Overview and Level Annotations

Branches:
Dungeon (2/15)

Altars:

Annotations:
D:2 Sigmund


Message History

You kill the worm!
No target in view!
You see here a worm corpse.
You butcher the worm corpse.
t - 3 chunks of flesh Eating one of 3 chunks of flesh.
This raw flesh tastes great.
You continue eating. x2
Eating one of 2 chunks of flesh.
This raw flesh tastes great.
Your transformation has ended.
Your +0 robe unmelds from your body.
You continue eating. x2
Eating a chunk of flesh.
This raw flesh tastes great.
You continue eating. x2
Magic restored.
HP restored.
You sense a monster nearby.
Sigmund the Dreaded comes into view.
He is wielding a scythe of protection.
Cast which spell? (? or * to list)
You turn into a venomous arachnid creature.
Your +0 robe melds into your body.
Your transformation is almost over.
Sigmund casts a spell at you. The puff of flame hits you!
You hit Sigmund but do no damage.
Sigmund is poisoned.
Sigmund hits you with a scythe of protection!
Ouch! That really hurt!
You hit Sigmund.
Sigmund is lightly wounded.
Sigmund misses you.
You barely miss Sigmund.
Sigmund is lightly wounded.
You barely miss Sigmund.
Sigmund is lightly wounded.
Sigmund hits you with a scythe of protection!
You die...

####### #####
#.....#
#...######.###.#
#..........# #.####
#...##...#.###.....
##s#...............
#@#...............
#.#.........#####.
#.###...##[## .
#.###...##.# .
#..........######.
.#.######.....<...
# # #####..#####..
...........<...


You could see Sigmund.

Action                   || total
-------------------------++-------
Melee: Unarmed           ||    99
 Cast: Spider Form       ||     2
 Stab: Sleeping          ||     1
  Eat: Chunk             ||     7

Notes
Turn   | Place    | Note
--------------------------------------------------------------
     0 | D:1      | Duffy the Formicid Transmuter began the quest for the Orb.
     0 | D:1      | Reached XP level 1. HP: 15/15 MP: 3/3
    72 | D:1      | Reached XP level 2. HP: 11/21 MP: 5/5
   433 | D:1      | Learned a level 2 spell: Sticks to Snakes
   947 | D:1      | Reached XP level 3. HP: 22/26 MP: 6/6
  1039 | D:1      | Learned a level 3 spell: Spider Form
  1216 | D:2      | Reached skill level 1 in Poison Magic
  1403 | D:2      | Noticed Sigmund
  1411 | D:2      | Slain by Sigmund

Vault maps used:
D:1:      dpeg_arrival_subterranean_lakeside_camping, serial_bayou_lagoon_a
D:2:      ecumenical_altar_1, minmay_misc_feat_encased, patterned_corridor,
          uniq_sigmund

Vanquished Creatures
  A worm
  3 giant geckos
  2 giant cockroaches
  4 goblins
  2 hobgoblins
  A quokka
  5 bats
  A giant newt
  3 kobolds
  5 rats
27 creatures vanquished.
